 Dungeon Crawl Stone Soup version 0.23.0-3-gf3c87f2 (webtiles) character file.

Game seed: 11893757099429031429

9580 skk the Spear-Bearer (level 11, -4/84 HPs)
             Began as a Demonspawn Fighter on Feb 23, 2019.
             Was a High Priest of Okawaru.
             Slain by a yak (9 damage)
             ... on level 10 of the Dungeon on Feb 24, 2019.
             The game lasted 00:33:29 (10499 turns).

skk the Spear-Bearer (Demonspawn Fighter)          Turns: 10499, Time: 00:33:30

Health: -4/84      AC: 12    Str: 21    XL:     11   Next: 24%
Magic:  0/10       EV: 18    Int:  9    God:    Okawaru [*****.]
Gold:   718        SH: 15    Dex: 17    Spells: 10/10 levels left

rFire    . . .     SeeInvis .   p - +2 spear (venom)
rCold    . . .     Gourm    .   D - +2 shield
rNeg     . . .     Faith    .   g - +2 leather armour {rPois}
rPois    +         Spirit   +   (helmet restricted)
rElec    .         Reflect  .   h - +0 cloak
rCorr    .         Harm     .   (no gloves)
MR       .....                  j - +0 pair of boots
Stlth    ++++......             (no amulet)
HPRegen  0.24/turn              b - ring of wizardry
MPRegen  0.24/turn              d - +3 ring of dexterity

@: heroism, studying Polearms, drained
A: horns 1, thin metallic scales 2, agile 1, low mp 1, magic shield, magic
regeneration, rot immunity, MP-powered wands
a: Heroism, Finesse, Renounce Religion


You were on level 10 of the Dungeon.
You worshipped Okawaru.
Okawaru was extremely pleased with you.
You were hungry.

You visited 2 branches of the dungeon, and saw 12 of its levels.

You collected 718 gold pieces.

Inventory:

Hand Weapons
 p - a +2 spear of venom (weapon)
 s - a +3 long sword of freezing
 u - a +2 rapier of draining
Armour
 c - a +0 shield
 g - a +2 leather armour of poison resistance (worn)
 h - a +0 cloak (worn)
 j - a +0 pair of boots (worn)
 D - a +2 shield (worn)
Jewellery
 b - a ring of wizardry (left hand)
 d - a +3 ring of dexterity (right hand)
Wands
 l - a wand of random effects (24)
 x - a wand of acid (9)
 B - a wand of clouds (3)
Scrolls
 e - a scroll of immolation
 k - 3 scrolls of magic mapping
 n - a scroll of remove curse
 o - a scroll of enchant weapon
 r - a scroll of amnesia
 t - 4 scrolls of teleportation
 v - a scroll of fear
 A - a scroll of identify
 E - a scroll of summoning {unknown}
Potions
 a - 4 potions of curing
 i - 2 potions of haste
 m - a potion of magic
 w - a potion of ambrosia {unknown}
 z - 2 potions of lignification
 C - a potion of brilliance
Books
 y - a manual of Polearms
Miscellaneous
 F - a phantom mirror
Comestibles
 f - 23 rations


   Skills:
 + Level 7.2(11.4) Fighting
 + Level 10.7(14.8) Polearms
 + Level 5.2(9.4) Armour
 + Level 5.5(9.7) Dodging
 + Level 5.5(9.8) Stealth
 + Level 7.7(11.9) Shields
 + Level 1.3(0.7) Invocations
 + Level 0.3(0.0) Evocations


You had 10 spell levels left.
You didn't know any spells.
Your spell library contained the following spells:

 Spells                   Type           Power        Failure   Level  Hunger
 Beastly Appendage        Tmut           #.....       26%         1    ##.....
 Sticks to Snakes         Tmut           #.......     38%         2    ###....
 Spider Form              Tmut/Pois      #.........   58%         3    ####...
 Ice Form                 Ice/Tmut       #.......     92%         4    #####..
 Blade Hands              Tmut           #.........   99%         5    ######.


Dungeon Overview and Level Annotations

Branches:
Dungeon (11/15)            Temple (1/1) D:5             Orc (0/2) D:9
   Lair: D:8-11

Altars:
Ashenzari
Cheibriados
Dithmenos
Elyvilon
Fedhas
Gozag
Hepliaklqana
Kikubaaqudgha
Makhleb
Nemelex Xobeh
Okawaru
Qazlal
Ru
Sif Muna
Trog
Uskayaw
Vehumet
Wu Jian
Xom
Yredelemnul
Zin
The Shining One

Shops:
D:11 [

Annotations:
D:11 1 runed translucent door, HEYYEYAAE's ghost, journeyman OpHu


Innate Abilities, Weirdness & Mutations

You have a pair of small horns on your head.
You are mostly covered in thin metallic scales. (AC +3)
When hurt, damage is shared between your health and your magic reserves.
You regenerate magic rapidly.
You are immune to rotting.
You are agile. (Dex +2)
Your magical capacity is low. (-10% MP)
You expend magic power (3 MP) to strengthen your wands.


Message History

You feel drained.
* * * LOW HITPOINT WARNING * * *
You climb upwards.
There is a stone staircase leading down here.
You block the yak's attack.
You feel better. The yak barely misses you.
Okay, then.
You gain the combat prowess of a mighty hero.
The yak gores you!
* * * LOW HITPOINT WARNING * * *
You hit the yak.
The yak is poisoned.
You headbutt the yak.
The yak is moderately wounded.
The yak completely misses you.
You completely miss the yak. You headbutt the yak, but do no damage.
The yak is moderately wounded.
You puncture the yak!
The yak looks as sick as possible!
The yak is heavily wounded.
The yak gores you!
You die...

#.................# #...........
#.................####...........
#.........................#####..
#.........................# #..
..........................#####..
...#############z................
##.#...........#o######..........
##.#.†.........#Y# #..........
...#...........#@######..........
...#...........#.................
...#...........#.................
...+...........#.................
.[[#...........#.................
...##....#######.................
....#....#########'########......
##[.'....##...............#..#...
#..#....##...............#..#...


You could see a yak, a wight and an orc.

Vanquished Creatures
  The ghost of feelmyfire the Grappler, a novice NaTm of Cheibriados (D:9)
  An unseen horror (D:10)
  Pikel (D:7)
  A centaur zombie (D:10)
  Prince Ribbit (D:7)
  A hippogriff (D:8)
  A spriggan (D:7)
  A wyvern (D:10)
  9 yaks
  Sigmund (D:2)
  2 hungry ghosts
  A neqoxec (D:9)
  Menkaure (D:7)
  Duvessa (D:7)
  2 black bears
  5 orc warriors
  2 sky beasts
  6 ogres
  A phantom (D:11)
  3 centaurs
  A crocodile (D:9)
  A big kobold (D:8)
  8 bullfrogs
  A wyvern zombie (D:7)
  A gnoll sergeant (D:10)
  A water moccasin zombie (D:8)
  2 scorpions
  Dowan (D:7)
  9 killer bees
  7 wights
  A howler monkey (D:7)
  4 crimson imps
  3 quasits (D:9)
  4 hounds
  5 jellies
  6 orc wizards
  7 orc priests
  A gnoll shaman (D:8)
  2 iguanas
  12 worker ants
  2 hound skeletons
  A worker ant zombie (D:8)
  11 gnolls
  A howler monkey skeleton (D:7)
  10 adders
  3 shadow imps
  2 oozes (D:2)
  An adder zombie (D:6)
  4 worms
  2 dart slugs
  7 leopard geckos
  32 orcs
  4 giant cockroaches
  4 goblins
  4 hobgoblins
  3 jackals (D:2)
  3 quokkas
  2 ball pythons
  A ball python skeleton (D:5)
  8 bats
  8 frilled lizards
  5 kobolds
  A quokka skeleton (D:3)
  5 rats
243 creatures vanquished.

Vanquished Creatures (others)
  2 slaves (D:7)
  A worker ant (D:7)
3 creatures vanquished.

Grand Total: 246 creatures vanquished

Notes
Turn   | Place    | Note
-------+----------+-------------------------------------------
     0 | D:1      | skk the Demonspawn Fighter began the quest for the Orb.
     0 | D:1      | Reached XP level 1. HP: 18/18 MP: 1/1
   426 | D:1      | Gained mutation: You have a pair of small horns on your
                  | head. [demonic ancestry]
   426 | D:1      | Reached XP level 2. HP: 24/24 MP: 2/2
   874 | D:2      | Reached skill level 2 in Polearms
   927 | D:2      | Reached XP level 3. HP: 6/29 MP: 3/3
  1428 | D:2      | Noticed Sigmund
  1439 | D:2      | Killed Sigmund
  1439 | D:2      | Reached skill level 3 in Polearms
  1439 | D:2      | Reached skill level 1 in Dodging
  1439 | D:2      | Reached XP level 4. HP: 26/35 MP: 4/4
  1439 | D:2      | Gained mutation: You are partially covered in thin metallic
                  | scales. (AC +2) [demonic ancestry]
  1439 | D:2      | Reached XP level 5. HP: 31/41 MP: 5/5
  1488 | D:2      | Found a burning altar of Makhleb.
  1488 | D:2      | Found a radiant altar of Vehumet.
  1758 | D:3      | Reached skill level 4 in Polearms
  1811 | D:3      | Reached XP level 6. HP: 48/48 MP: 6/6
  2144 | D:3      | Found a hazy altar of Hepliaklqana.
  2242 | D:3      | Found a stormy altar of Qazlal.
  2512 | D:4      | Reached skill level 1 in Stealth
  2928 | D:5      | Entered Level 5 of the Dungeon
  3193 | D:5      | Noticed a hungry ghost
  3225 | D:5      | Noticed a sky beast
  3330 | D:4      | Gained mutation: When hurt, damage is shared between your
                  | health and your magic reserves. [demonic ancestry]
  3330 | D:4      | Reached XP level 7. HP: 23/54 MP: 7/7
  3677 | D:4      | Reached skill level 5 in Polearms
  3949 | D:5      | Found a deep blue altar of Sif Muna.
  4021 | D:5      | Found a staircase to the Ecumenical Temple.
  4050 | Temple   | Entered the Ecumenical Temple
  4344 | D:5      | Found an ornate altar of the Wu Jian Council.
  4368 | D:5      | Found an iron altar of Okawaru.
  4718 | D:5      | Became a worshipper of Warmaster Okawaru
  4730 | D:5      | Killed a hungry ghost
  4730 | D:5      | Gained mutation: You regenerate magic rapidly. [demonic
                  | ancestry]
  4730 | D:5      | Reached XP level 8. HP: 61/61 MP: 8/8
  5215 | D:6      | Reached skill level 6 in Polearms
  5343 | D:6      | Found a basalt altar of Yredelemnul.
  5413 | D:6      | Found a snail-covered altar of Cheibriados.
  5871 | D:7      | Noticed Duvessa
  5871 | D:7      | Noticed Dowan
  5905 | D:6      | Reached * piety under Okawaru
  5917 | D:7      | Killed Dowan
  5917 | D:7      | Reached skill level 5 in Fighting
  5922 | D:7      | Killed Duvessa
  5935 | D:7      | Noticed Prince Ribbit
  6034 | D:7      | Reached skill level 5 in Shields
  6049 | D:7      | Noticed Pikel
  6068 | D:7      | Killed Pikel
  6068 | D:7      | Reached skill level 7 in Polearms
  6068 | D:7      | Gained mutation: You are immune to rotting. [demonic
                  | ancestry]
  6068 | D:7      | Reached XP level 9. HP: 42/68 MP: 6/9
  6081 | D:7      | Reached ** piety under Okawaru
  6345 | D:7      | Found a sacrificial altar of Ru.
  6447 | D:7      | Noticed Menkaure
  6451 | D:7      | Killed Menkaure
  6495 | D:7      | Killed Prince Ribbit
  6719 | D:7      | Found an opulent altar of Gozag.
  7054 | D:8      | Reached *** piety under Okawaru
  7054 | D:8      | Reached skill level 8 in Polearms
  7418 | D:8      | Reached XP level 10. HP: 54/76 MP: 8/10
  7432 | D:8      | Found a shimmering altar of Xom.
  7616 | D:9      | Found an ancient bone altar of Kikubaaqudgha.
  7645 | D:9      | Noticed feelmyfire's ghost (novice NaTm)
  7964 | D:9      | Found a staircase to the Orcish Mines.
  7970 | D:9      | Reached **** piety under Okawaru
  8457 | D:9      | Found a transporter.
  8462 | D:9      | Found a transporter.
  8796 | D:9      | Killed feelmyfire's ghost
  8802 | D:9      | Reached skill level 9 in Polearms
  8850 | D:10     | Entered Level 10 of the Dungeon
  8865 | D:10     | Reached skill level 1 in Invocations
  8869 | D:10     | Reached skill level 5 in Stealth
  9073 | D:10     | Reached ***** piety under Okawaru
  9193 | D:9      | Gained mutation: You are agile. (Dex +2) [potion of
                  | mutation]
  9193 | D:9      | Gained mutation: Your magical capacity is low. (-10% MP)
                  | [potion of mutation]
  9193 | D:9      | Gained mutation: You expend magic power (3 MP) to
                  | strengthen your wands. [potion of mutation]
  9227 | D:10     | Killed an unseen horror
  9227 | D:10     | Reached skill level 5 in Dodging
  9633 | D:10     | Reached skill level 10 in Polearms
  9633 | D:10     | Gained mutation: You are mostly covered in thin metallic
                  | scales. (AC +3) [demonic ancestry]
  9633 | D:10     | Reached XP level 11. HP: 68/83 MP: 10/10
 10350 | D:11     | Found a runed translucent door.
 10355 | D:11     | Noticed HEYYEYAAE's ghost (journeyman OpHu)
 10429 | D:11     | Reached skill level 5 in Armour
 10437 | D:11     | Received a gift from Okawaru
 10470 | D:11     | Found Zeecleoja's Antique Armour Emporium.
 10477 | D:11     | HP: 4/84 [wight/+4 morningstar (9)]
 10499 | D:10     | Slain by a yak

Skill      XL: |  1  2  3  4  5  6  7  8  9 10 11 |
---------------+----------------------------------+-----
Armour         | 3 4 5 |  5.2
Polearms       | 2 3 4 5 7 8 10 | 10.7
Shields        | 3 4 5 6 7 |  7.7
Dodging        | 1 2 3 4 5 |  5.5
Stealth        | 1 2 3 4 5 |  5.5
Fighting       | 4 5 6 7 |  7.2
Invocations    | 1 |  1.3
Evocations     | |  0.3

Action                   |  1- 3 |  4- 6 |  7- 9 | 10-12 || total
-------------------------+-------+-------+-------+-------++-------
Melee: Trident           |    98 |       |       |       ||    98
       Headbutt          |     8 |    17 |    76 |   105 ||   206
       Spear             |    14 |   137 |   421 |   433 ||  1005
Invok: Heroism           |       |       |     1 |     5 ||     6
Evoke: Wand              |       |       |     1 |     4 ||     5
  Use: Scroll            |     1 |     2 |    11 |     8 ||    22
       Potion            |       |       |     2 |     6 ||     8
 Stab: Sleeping          |       |     1 |    10 |     6 ||    17
       Distracted        |       |       |     4 |       ||     4
       Invisible         |       |       |       |     2 ||     2
  Eat: Chunk             |     2 |     3 |    12 |     7 ||    24
       Ration            |       |     1 |     1 |     1 ||     3
Armor: Scale mail        |    15 |       |       |       ||    15
       Leather armour    |    11 |    23 |    94 |    57 ||   185
Dodge: Dodged            |    24 |    24 |   107 |   128 ||   283
Block: Shield            |    36 |    35 |   133 |   162 ||   366
